Carnivores vs Gangsters
Created - November 23, 2018 at 19:05
Goals
|
| Carnivores |
2 |
1 |
1 |
4 |
| Gangsters |
0 |
1 |
1 |
2 |
|
Shots
|
| Carnivores |
14 |
13 |
10 |
37 |
| Gangsters |
8 |
6 |
8 |
22 |
|
1st period
1. Carnivores , Blake Geoffrion 15 (Chris Lawrence 9, Nate Schmidt 13) at 2:12
2. Carnivores , David Schlemko 2 (Mark McNeill 3, Hunter Shinkaruk 4) at 8:09
Penalties :
Jonas Brodin (Bro) for Tripping (Minor) at 2:35, Stefan Noesen (Bro) for Tripping (Minor) at 12:01
2nd period
3. Gangsters , Devante Smith-Pelly 10 (Maxime Sauvé 15) at 1:21 (PP)
4. Carnivores , Zack Smith 3 (Nicolas Kerdiles 2, Sasha Pokulok 7) at 7:29
Penalties :
Markus Granlund (Bre) for High sticking (Minor) at 1:17, Dave Dziurzynski (Bro) for Slashing (Minor) at 1:26, T.J Brodie (Bre) for Tripping (Minor) at 11:43
3rd period
5. Carnivores , Nikita Alexeev 9 (Jeremy Welsh 7, Nate Schmidt 14) at 1:38
6. Gangsters , Maxime Sauvé 10 (Dave Dziurzynski 14) at 15:55 (PP)
Penalties :
Devante Smith-Pelly (Bro) for Charging (Minor) at 1:45, Sasha Pokulok (Bre) for Interference (Minor) at 10:53, T.J Brodie (Bre) for Hooking (Minor) at 15:52
Goalie Stats
Niklas Svedberg (Bre), 20 saves from 22 shots - (0.909), W, 5-5-1, 60:00 minutes
Dustin Tokarski (Bro), 33 saves from 37 shots - (0.892), L, 6-9-1, 60:00 minutes
Players Stats for Carnivores
Player Name G A P +/- PIM S H SB GA TA FO MP PP MP PK MP
------------------------------------------------------------------------------------
Blake Geoffrion 1 0 1 1 0 6 0 0 1 0 0/0 18:58 4:13 0:00
Chris Lawrence 0 1 1 1 0 5 3 0 1 0 1/1 16:58 0:06 2:10
Curtis Lazar 0 0 0 0 0 0 0 0 0 0 0/0 1:25 0:11 0:00
David Schlemko 1 0 1 2 0 2 0 0 1 0 0/0 16:52 0:00 1:23
Frederik Gauthier 0 0 0 1 0 2 0 0 0 0 1/8 9:50 0:00 2:10
Hunter Shinkaruk 0 1 1 1 0 0 1 0 0 0 0/0 7:16 0:00 0:00
Jeremy Welsh 0 1 1 1 0 2 4 1 0 0 1/1 18:05 3:38 0:00
Jeremy Williams 0 0 0 1 0 5 0 1 3 0 0/1 14:35 4:12 0:00
Josh Manson 0 0 0 0 0 0 0 2 0 0 0/0 10:34 0:00 0:08
Mark McNeill 0 1 1 1 0 1 2 0 0 0 0/0 8:49 0:00 1:07
Markus Granlund 0 0 0 1 2 0 3 1 0 0 3/12 18:04 3:38 0:00
Mat Clark 0 0 0 1 0 0 2 0 0 1 0/0 24:14 4:57 0:00
Mattias Backman 0 0 0 1 0 0 0 0 0 0 0/0 5:35 0:00 2:06
Nate Schmidt 0 2 2 2 0 3 2 1 1 1 0/0 28:18 4:57 2:42
Nicolas Kerdiles 0 1 1 1 0 1 1 0 0 0 0/0 11:34 0:05 0:48
Nikita Alexeev 1 0 1 1 0 2 1 0 0 0 1/2 18:05 3:38 0:00
Sasha Pokulok 0 1 1 2 2 3 0 0 0 1 0/0 19:50 2:59 1:17
Scott Laughton 0 0 0 1 0 3 1 0 0 1 15/25 19:36 4:07 0:48
T.J Brodie 0 0 0 0 4 1 0 1 0 0 0/0 15:03 2:59 0:34
Zack Smith 1 0 1 1 0 1 0 0 0 0 6/11 12:10 0:00 1:07
Players Stats for Gangsters
Player Name G A P +/- PIM S H SB GA TA FO MP PP MP PK MP
------------------------------------------------------------------------------------
Alexander Wennberg 0 0 0 0 0 1 0 0 0 0 5/8 12:41 0:03 0:00
Austen Brassard 0 0 0 -2 0 0 0 0 0 0 0/0 4:29 0:00 0:00
Brett Ponich 0 0 0 -2 0 1 1 0 1 1 0/0 20:42 2:29 3:14
Dave Dziurzynski 0 1 1 -1 2 2 0 1 2 0 0/2 18:56 2:41 1:55
David Pope 0 0 0 -1 0 0 0 1 0 0 0/1 17:40 1:21 0:00
Devante Smith-Pelly 1 0 1 -1 2 6 3 2 0 1 0/0 19:18 2:41 2:06
Jonas Brodin 0 0 0 -1 2 0 1 2 0 0 0/0 11:09 0:00 0:00
Kevin Roy 0 0 0 -1 0 0 0 0 0 0 0/1 3:14 0:03 0:14
Matt Delahey 0 0 0 -1 0 0 2 4 0 0 0/0 28:13 1:36 4:42
Maxime Sauvé 1 1 2 -2 0 3 0 1 0 1 19/33 23:18 2:41 3:57
Morgan Ellis 0 0 0 -2 0 1 0 1 0 1 0/0 20:42 2:29 3:14
Patrik Nemeth 0 0 0 -1 0 1 0 1 1 1 0/0 28:13 1:36 4:42
Phillip Danault 0 0 0 0 0 3 0 0 0 0 2/2 13:35 0:00 1:14
Ryan Culkin 0 0 0 -1 0 0 0 1 0 1 0/0 11:05 0:00 0:00
Sebastian Collberg 0 0 0 0 0 2 0 0 0 0 0/0 12:09 0:00 0:00
Seth Griffith 0 0 0 -2 0 2 1 0 0 0 0/0 7:22 0:00 2:20
Stefan Noesen 0 0 0 -1 2 0 1 0 0 0 0/0 17:40 1:21 0:00
Tomas Hertl 0 0 0 -1 0 0 2 0 0 1 7/14 21:34 1:24 4:06
3 Stars
1 - Nate Schmidt (Bre)
2 - David Schlemko (Bre)
3 - Nikita Alexeev (Bre)
Power Play
Carnivores - 0 on 4 Attempt(s) - 0.00%
Gangsters - 2 on 4 Attempt(s) - 50.00%
Penalty Kill
Carnivores - 2 on 4 Attempt(s) - 50.00%
- Score 0 goal in Penalty Kill
Gangsters - 4 on 4 Attempt(s) - 100.00%
- Score 0 goal in Penalty Kill
Team Stat
Carnivores - Hits : 20 - Faceoff Wins : 28 - Blocked Shots : 7 - Penalty Minutes : 8
Gangsters - Hits : 11 - Faceoff Wins : 33 - Blocked Shots : 14 - Penalty Minutes : 8
Official
Referees : Unknown
Linesman : Unknown
Game Notes
No Game Note
Finance
Level 1 -- Attendance: 1347 (67.35%) -- Ticket Income $53,880
Level 2 -- Attendance: 774 (77.40%) -- Ticket Income $15,480
Total Attendance: 2121 (70.70%)
Total Ticket Income: $69,360
Other Income: $3,468
Total Income: $72,828
Carnivores
5 vs 5 Forward
Center Left Wing Right Wing Time % Phy DF OF
1 Scott Laughton Blake Geoffrion Chris Lawrence 40 1 2 2
2 Markus Granlund Jeremy Welsh Nikita Alexeev 30 1 2 2
3 Zack Smith Nicolas Kerdiles Jeremy Williams 20 1 2 2
4 Frederik Gauthier Hunter Shinkaruk Mark McNeill 10 1 2 2
5 vs 5 Defense
Defense Defense Time % Phy DF OF
1 Mat Clark Nate Schmidt 40 1 2 2
2 Sasha Pokulok David Schlemko 30 1 2 2
3 T.J Brodie Josh Manson 20 1 2 2
4 Mattias Backman Nate Schmidt 10 1 2 2
PowerPlay Forward
Center Left Wing Right Wing Time % Phy DF OF
1 Scott Laughton Blake Geoffrion Jeremy Williams 60 1 1 3
2 Markus Granlund Jeremy Welsh Nikita Alexeev 40 1 1 3
PowerPlay Defense
Defense Defense Time % Phy DF OF
1 Mat Clark Nate Schmidt 60 1 2 2
2 T.J Brodie Sasha Pokulok 40 1 2 2
Penalty Kill 4 Players Forward
Center Wing Time % Phy DF OF
1 Frederik Gauthier Chris Lawrence 60 1 2 2
2 Zack Smith Mark McNeill 40 1 2 2
Penalty Kill 4 Players Defense
Defense Defense Time % Phy DF OF
1 Sasha Pokulok Nate Schmidt 60 1 2 2
2 T.J Brodie David Schlemko 40 1 2 2
Penalty Kill - 3 Players Forward
Forward Time % Phy DF OF
1 Chris Lawrence 60 1 2 2
2 Zack Smith 40 1 2 2
Penalty Kill - 3 Players Defense
Defense Defense Time % Phy DF OF
1 Sasha Pokulok Nate Schmidt 60 1 2 2
2 T.J Brodie David Schlemko 40 1 2 2
4 vs 4 Forward
Center Wing Time % Phy DF OF
1 Scott Laughton Blake Geoffrion 60 1 2 2
2 Nikita Alexeev Jeremy Welsh 40 1 2 2
4 vs 4 Defense
Defense Defense Time % Phy DF OF
1 Mat Clark Nate Schmidt 60 1 2 2
2 T.J Brodie David Schlemko 40 1 2 2
Last Minutes Offensive
Center Left Wing Right Wing Defense Defense
Scott Laughton Blake Geoffrion Chris Lawrence Nate Schmidt T.J Brodie
Last Minutes Defensive
Center Left Wing Right Wing Defense Defense
Frederik Gauthier Blake Geoffrion Mark McNeill Nate Schmidt T.J Brodie
Goaltenders
Starting : Niklas Svedberg
Backup : Antti Raanta
Extra Forwards
Normal : Curtis Lazar, Frederik Gauthier, Nikita Alexeev - PP : Curtis Lazar, Nikita Alexeev - PK : Frederik Gauthier
Extra Defensemen
Normal : Mattias Backman, T.J Brodie, David Schlemko - PP : Mattias Backman - PK : Mattias Backman, T.J Brodie
Penalty Shots
Blake Geoffrion, Markus Granlund, Chris Lawrence, Hunter Shinkaruk, Jeremy Welsh
Scratches
Adam Almquist (Healthy), Connor Clifton (Healthy), Stanislav Galiev (Healthy), Mark MacMillan (Healthy), Tyler Graovac (Healthy)
Troy Bourke (Healthy), Alexandre Mallet (Healthy), Michael Schumacher (Healthy), Tristan Jarry (Healthy)
Gangsters
5 vs 5 Forward
Center Left Wing Right Wing Time % Phy DF OF
1 Maxime Sauvé Dave Dziurzynski Devante Smith-Pelly 40 1 2 2
2 Tomas Hertl David Pope Stefan Noesen 30 1 2 2
3 Alexander Wennberg Phillip Danault Sebastian Collberg 20 1 2 2
4 Seth Griffith Maxime Sauvé Austen Brassard 10 1 2 2
5 vs 5 Defense
Defense Defense Time % Phy DF OF
1 Patrik Nemeth Matt Delahey 40 1 2 2
2 Morgan Ellis Brett Ponich 30 1 2 2
3 Jonas Brodin Ryan Culkin 20 1 2 2
4 Patrik Nemeth Matt Delahey 10 1 2 2
PowerPlay Forward
Center Left Wing Right Wing Time % Phy DF OF
1 Maxime Sauvé Dave Dziurzynski Devante Smith-Pelly 60 1 2 2
2 Tomas Hertl David Pope Stefan Noesen 40 1 2 2
PowerPlay Defense
Defense Defense Time % Phy DF OF
1 Patrik Nemeth Matt Delahey 60 1 2 2
2 Morgan Ellis Brett Ponich 40 1 2 2
Penalty Kill 4 Players Forward
Center Wing Time % Phy DF OF
1 Maxime Sauvé Tomas Hertl 60 1 2 2
2 Dave Dziurzynski Devante Smith-Pelly 40 1 2 2
Penalty Kill 4 Players Defense
Defense Defense Time % Phy DF OF
1 Patrik Nemeth Matt Delahey 60 1 2 2
2 Morgan Ellis Brett Ponich 40 1 2 2
Penalty Kill - 3 Players Forward
Forward Time % Phy DF OF
1 Maxime Sauvé 60 1 2 2
2 Tomas Hertl 40 1 2 2
Penalty Kill - 3 Players Defense
Defense Defense Time % Phy DF OF
1 Patrik Nemeth Matt Delahey 60 1 2 2
2 Morgan Ellis Brett Ponich 40 1 2 2
4 vs 4 Forward
Center Wing Time % Phy DF OF
1 Maxime Sauvé Tomas Hertl 60 1 2 2
2 Dave Dziurzynski Devante Smith-Pelly 40 1 2 2
4 vs 4 Defense
Defense Defense Time % Phy DF OF
1 Patrik Nemeth Matt Delahey 60 1 2 2
2 Morgan Ellis Brett Ponich 40 1 2 2
Last Minutes Offensive
Center Left Wing Right Wing Defense Defense
Maxime Sauvé Dave Dziurzynski Devante Smith-Pelly Patrik Nemeth Matt Delahey
Last Minutes Defensive
Center Left Wing Right Wing Defense Defense
Maxime Sauvé Dave Dziurzynski Devante Smith-Pelly Patrik Nemeth Matt Delahey
Goaltenders
Starting : Dustin Tokarski
Backup : Mike Condon
Extra Forwards
Normal : Kevin Roy, Alexander Wennberg, Seth Griffith - PP : Kevin Roy, Alexander Wennberg - PK : Seth Griffith
Extra Defensemen
Normal : Jonas Brodin, Ryan Culkin, Morgan Ellis - PP : Jonas Brodin - PK : Ryan Culkin, Morgan Ellis
Penalty Shots
Maxime Sauvé, Tomas Hertl, Dave Dziurzynski, Devante Smith-Pelly, Alexander Wennberg
Scratches
Derrick Pouliot (Healthy), Jordan Subban (Healthy), Steven Santini (Healthy), Jordan Binnington (Healthy)
% Time on Ice - Carnivores
Lines # - Real PCT - Wanted PCT - Time Play
Normal Forward
1 - 32% - 40% - 15:13
2 - 31% - 30% - 14:53
3 - 22% - 20% - 10:37
4 - 15% - 10% - 7:16
Normal Defense
1 - 40% - 40% - 19:17
2 - 34% - 30% - 16:28
3 - 20% - 20% - 9:45
4 - 5% - 10% - 2:29
PP Forward
1 - 54% - 60% - 4:18
2 - 46% - 40% - 3:38
PP Defense
1 - 62% - 60% - 4:57
2 - 38% - 40% - 2:59
PK Forward
1 - 73% - 60% - 2:58
2 - 27% - 40% - 1:07
PK Defense
1 - 66% - 60% - 2:42
2 - 34% - 40% - 1:23
PK3 Forward
1 - 0% - 60%
2 - 0% - 40%
PK3 Defense
1 - 0% - 60%
2 - 0% - 40%
44 Forward
1 - 0% - 60%
2 - 0% - 40%
44 Defense
1 - 0% - 60%
2 - 0% - 40%
Last Minute Offensive - 0:00
Last Minute Defensive - 0:00
Total
Forward - 60:00
Defense - 60:00
|
% Time on Ice - Gangsters
Lines # - Real PCT - Wanted PCT - Time Play
Normal Forward
1 - 30% - 40% - 14:19
2 - 35% - 30% - 17:02
3 - 25% - 20% - 12:09
4 - 9% - 10% - 4:29
Normal Defense
1 - 39% - 40% - 18:43
2 - 31% - 30% - 14:59
3 - 23% - 20% - 11:05
4 - 7% - 10% - 3:12
PP Forward
1 - 66% - 60% - 2:41
2 - 34% - 40% - 1:24
PP Defense
1 - 39% - 60% - 1:36
2 - 61% - 40% - 2:29
PK Forward
1 - 67% - 60% - 5:17
2 - 33% - 40% - 2:39
PK Defense
1 - 59% - 60% - 4:42
2 - 41% - 40% - 3:14
PK3 Forward
1 - 0% - 60%
2 - 0% - 40%
PK3 Defense
1 - 0% - 60%
2 - 0% - 40%
44 Forward
1 - 0% - 60%
2 - 0% - 40%
44 Defense
1 - 0% - 60%
2 - 0% - 40%
Last Minute Offensive - 0:00
Last Minute Defensive - 0:00
Total
Forward - 60:00
Defense - 60:00
|
Play by Play
1st period
0:01 of 1st period - Scott Laughton wins face-off versus Maxime Sauvé in neutral zone.
0:06 of 1st period - Wrist shot by Chris Lawrence.
0:06 of 1st period - Stopped by Dustin Tokarski without a rebound.
0:07 of 1st period - Maxime Sauvé wins face-off versus Scott Laughton in Gangsters zone.
1:18 of 1st period - Matt Delahey is hit by Mark McNeill and loses puck.
1:31 of 1st period - Tomas Hertl is hit by Scott Laughton and loses puck.
1:37 of 1st period - Off-side.
1:38 of 1st period - Alexander Wennberg wins face-off versus Markus Granlund in neutral zone.
1:47 of 1st period - Slapshot by Morgan Ellis.
1:47 of 1st period - Stopped by Niklas Svedberg with a rebound.
2:12 of 1st period - Snap shot by Blake Geoffrion.
2:12 of 1st period - Goal by Blake Geoffrion - Carnivores : 1 - Gangsters : 0.
2:13 of 1st period - Tomas Hertl wins face-off versus Zack Smith in neutral zone.
2:35 of 1st period - Minor Penalty to Jonas Brodin for Tripping.
2:36 of 1st period - Maxime Sauvé wins face-off versus Scott Laughton in Gangsters zone.
3:01 of 1st period - Patrik Nemeth is hit by Markus Granlund and loses puck.
4:35 of 1st period - Penalty to Jonas Brodin is over, Jonas Brodin is back on ice.
5:02 of 1st period - Icing by Jonas Brodin.
5:03 of 1st period - Zack Smith wins face-off versus Tomas Hertl in Gangsters zone.
5:10 of 1st period - Slapshot by Jeremy Williams.
5:10 of 1st period - Stopped by Dustin Tokarski without a rebound.
5:11 of 1st period - Maxime Sauvé wins face-off versus Markus Granlund in Gangsters zone.
5:40 of 1st period - Icing by Alexander Wennberg.
5:41 of 1st period - Scott Laughton wins face-off versus Alexander Wennberg in Gangsters zone.
5:50 of 1st period - Slapshot by Chris Lawrence.
5:50 of 1st period - Shot Blocked by Morgan Ellis.
6:12 of 1st period - Wrist shot by Devante Smith-Pelly.
6:12 of 1st period - Shot Blocked by T.J Brodie.
6:28 of 1st period - Snap shot by Jeremy Williams.
6:28 of 1st period - Stopped by Dustin Tokarski without a rebound.
6:29 of 1st period - Zack Smith wins face-off versus Tomas Hertl in Gangsters zone.
7:16 of 1st period - Snap shot by Alexander Wennberg.
7:16 of 1st period - Shot Blocked by Jeremy Welsh.
8:07 of 1st period - Wrist shot by Mark McNeill.
8:07 of 1st period - Stopped by Dustin Tokarski with a rebound.
8:09 of 1st period - Slapshot by David Schlemko.
8:09 of 1st period - Goal by David Schlemko - Carnivores : 2 - Gangsters : 0.
8:10 of 1st period - Maxime Sauvé wins face-off versus Scott Laughton in neutral zone.
8:15 of 1st period - Wrist shot by Devante Smith-Pelly.
8:15 of 1st period - Stopped by Niklas Svedberg without a rebound.
8:16 of 1st period - Scott Laughton wins face-off versus Maxime Sauvé in Carnivores zone.
8:16 of 1st period - Scott Laughton is hit by Devante Smith-Pelly.
8:47 of 1st period - Tomas Hertl is hit by Markus Granlund and loses puck.
9:06 of 1st period - Wrist shot by Jeremy Williams.
9:06 of 1st period - Shot Blocked by Matt Delahey.
9:24 of 1st period - Blake Geoffrion is hit by Seth Griffith and loses puck.
10:57 of 1st period - Wrist shot by T.J Brodie.
10:57 of 1st period - Stopped by Dustin Tokarski with a rebound.
10:59 of 1st period - Slapshot by Frederik Gauthier.
10:59 of 1st period - Stopped by Dustin Tokarski without a rebound.
11:00 of 1st period - Phillip Danault wins face-off versus Scott Laughton in Gangsters zone.
11:35 of 1st period - Ryan Culkin is hit by Chris Lawrence and loses puck.
11:58 of 1st period - Snap shot by Chris Lawrence.
11:58 of 1st period - Stopped by Dustin Tokarski without a rebound.
11:59 of 1st period - Tomas Hertl wins face-off versus Markus Granlund in Gangsters zone.
12:01 of 1st period - Minor Penalty to Stefan Noesen for Tripping.
12:02 of 1st period - Maxime Sauvé wins face-off versus Markus Granlund in Gangsters zone.
14:01 of 1st period - Penalty to Stefan Noesen is over, Stefan Noesen is back on ice.
14:10 of 1st period - Jonas Brodin is hit by Hunter Shinkaruk and loses puck.
16:38 of 1st period - Off-side.
16:39 of 1st period - Scott Laughton wins face-off versus Maxime Sauvé in neutral zone.
16:42 of 1st period - Snap shot by Chris Lawrence.
16:42 of 1st period - Shot Misses the Net.
16:44 of 1st period - Snap shot by Blake Geoffrion.
16:44 of 1st period - Stopped by Dustin Tokarski with a rebound.
16:46 of 1st period - Wrist shot by Chris Lawrence.
16:46 of 1st period - Shot Hit the Post.
16:48 of 1st period - Slapshot by T.J Brodie.
16:48 of 1st period - Shot Blocked by Jonas Brodin.
16:50 of 1st period - Slapshot by Blake Geoffrion.
16:50 of 1st period - Stopped by Dustin Tokarski without a rebound.
16:51 of 1st period - Alexander Wennberg wins face-off versus Markus Granlund in Gangsters zone.
17:56 of 1st period - Wrist shot by Phillip Danault.
17:56 of 1st period - Shot Misses the Net.
17:58 of 1st period - Wrist shot by Phillip Danault.
17:58 of 1st period - Stopped by Niklas Svedberg with a rebound.
18:00 of 1st period - Snap shot by Sebastian Collberg.
18:00 of 1st period - Stopped by Niklas Svedberg without a rebound.
18:01 of 1st period - Alexander Wennberg wins face-off versus Scott Laughton in Carnivores zone.
18:04 of 1st period - Snap shot by Alexander Wennberg.
18:04 of 1st period - Stopped by Niklas Svedberg with a rebound.
18:06 of 1st period - Slapshot by Matt Delahey.
18:06 of 1st period - Shot Misses the Net.
18:08 of 1st period - Snap shot by Phillip Danault.
18:08 of 1st period - Stopped by Niklas Svedberg with a rebound.
18:10 of 1st period - Slapshot by Patrik Nemeth.
18:10 of 1st period - Stopped by Niklas Svedberg without a rebound.
18:11 of 1st period - Scott Laughton wins face-off versus Dave Dziurzynski in Carnivores zone.
18:32 of 1st period - Wrist shot by Blake Geoffrion.
18:32 of 1st period - Stopped by Dustin Tokarski with a rebound.
18:42 of 1st period - Snap shot by Chris Lawrence.
18:42 of 1st period - Shot Misses the Net.
18:44 of 1st period - Wrist shot by Chris Lawrence.
18:44 of 1st period - Deflect By Blake Geoffrion.
18:44 of 1st period - Shot Misses the Net.
18:44 of 1st period - Puck is out of play.
18:45 of 1st period - Tomas Hertl wins face-off versus Markus Granlund in Gangsters zone.
18:45 of 1st period - Stefan Noesen is hit by Mat Clark and loses puck.
18:52 of 1st period - Wrist shot by Nikita Alexeev.
18:52 of 1st period - Stopped by Dustin Tokarski with a rebound.
18:54 of 1st period - Slapshot by Nate Schmidt.
18:54 of 1st period - Stopped by Dustin Tokarski with a rebound.
18:56 of 1st period - Slapshot by Nikita Alexeev.
18:56 of 1st period - Shot Misses the Net.
19:23 of 1st period - Snap shot by Sebastian Collberg.
19:23 of 1st period - Stopped by Niklas Svedberg without a rebound.
19:24 of 1st period - Scott Laughton wins face-off versus Maxime Sauvé in Carnivores zone.
19:35 of 1st period - Snap shot by Blake Geoffrion.
19:35 of 1st period - Shot Misses the Net.
Goals for this period are 2 for Carnivores vs 0 for Gangsters.
Shots for this period are 14 for Carnivores vs 8 for Gangsters.
2nd period
0:01 of 2nd period - Maxime Sauvé wins face-off versus Scott Laughton in neutral zone.
0:55 of 2nd period - Backhand shot by Blake Geoffrion.
0:55 of 2nd period - Stopped by Dustin Tokarski without a rebound.
0:56 of 2nd period - Jeremy Welsh wins face-off versus David Pope in Gangsters zone.
1:03 of 2nd period - Wrist shot by Jeremy Welsh.
1:03 of 2nd period - Shot Misses the Net.
1:17 of 2nd period - Minor Penalty to Markus Granlund for High sticking.
1:18 of 2nd period - Maxime Sauvé wins face-off versus Frederik Gauthier in Carnivores zone.
1:19 of 2nd period - Snap shot by Devante Smith-Pelly.
1:19 of 2nd period - Stopped by Niklas Svedberg without a rebound.
1:20 of 2nd period - Maxime Sauvé wins face-off versus Frederik Gauthier in Carnivores zone.
1:21 of 2nd period - Snap shot by Devante Smith-Pelly.
1:21 of 2nd period - Goal by Devante Smith-Pelly - Carnivores : 2 - Gangsters : 1.
1:22 of 2nd period - Maxime Sauvé wins face-off versus Markus Granlund in neutral zone.
1:26 of 2nd period - Minor Penalty to Dave Dziurzynski for Slashing.
1:27 of 2nd period - Scott Laughton wins face-off versus Maxime Sauvé in Gangsters zone.
1:52 of 2nd period - Patrik Nemeth is hit by Jeremy Welsh.
3:26 of 2nd period - Penalty to Dave Dziurzynski is over, Dave Dziurzynski is back on ice.
4:42 of 2nd period - Mark McNeill is hit by Stefan Noesen and loses puck.
5:52 of 2nd period - Sebastian Collberg is hit by Chris Lawrence and loses puck.
6:14 of 2nd period - Seth Griffith is hit by Jeremy Welsh and loses puck.
7:27 of 2nd period - Slapshot by Sasha Pokulok.
7:27 of 2nd period - Shot Misses the Net.
7:29 of 2nd period - Slapshot by Nicolas Kerdiles.
7:29 of 2nd period - Deflect By Zack Smith.
7:29 of 2nd period - Goal by Zack Smith - Carnivores : 3 - Gangsters : 1.
7:30 of 2nd period - Scott Laughton wins face-off versus Maxime Sauvé in neutral zone.
7:53 of 2nd period - Icing by Brett Ponich.
7:54 of 2nd period - Markus Granlund wins face-off versus Tomas Hertl in Gangsters zone.
8:16 of 2nd period - Icing by Josh Manson.
8:17 of 2nd period - Nikita Alexeev wins face-off versus Maxime Sauvé in Carnivores zone.
8:53 of 2nd period - Snap shot by Tomas Hertl.
8:53 of 2nd period - Shot Misses the Net.
9:22 of 2nd period - Wrist shot by Phillip Danault.
9:22 of 2nd period - Stopped by Niklas Svedberg with a rebound.
9:59 of 2nd period - Snap shot by Devante Smith-Pelly.
9:59 of 2nd period - Stopped by Niklas Svedberg with a rebound.
10:09 of 2nd period - Ryan Culkin is hit by Markus Granlund and loses puck.
10:18 of 2nd period - Sebastian Collberg is hit by Nate Schmidt and loses puck.
10:39 of 2nd period - Wrist shot by Nicolas Kerdiles.
10:39 of 2nd period - Shot Blocked by Ryan Culkin.
10:41 of 2nd period - Slapshot by Sasha Pokulok.
10:41 of 2nd period - Stopped by Dustin Tokarski with a rebound.
11:13 of 2nd period - Jonas Brodin is hit by Chris Lawrence and loses puck.
11:34 of 2nd period - Snap shot by Markus Granlund.
11:34 of 2nd period - Shot Misses the Net.
11:36 of 2nd period - Snap shot by Markus Granlund.
11:36 of 2nd period - Deflect By Nikita Alexeev.
11:36 of 2nd period - Shot Blocked by Jonas Brodin.
11:36 of 2nd period - Puck is out of play.
11:37 of 2nd period - Alexander Wennberg wins face-off versus Markus Granlund in Gangsters zone.
11:43 of 2nd period - Minor Penalty to T.J Brodie for Tripping.
11:44 of 2nd period - Maxime Sauvé wins face-off versus Frederik Gauthier in Carnivores zone.
11:44 of 2nd period - Wrist shot by Devante Smith-Pelly.
11:44 of 2nd period - Stopped by Niklas Svedberg with a rebound.
11:58 of 2nd period - Slapshot by Nate Schmidt.
11:58 of 2nd period - Shot Blocked by Matt Delahey.
13:43 of 2nd period - Penalty to T.J Brodie is over, T.J Brodie is back on ice.
13:46 of 2nd period - Zack Smith is hit by Tomas Hertl and loses puck.
14:14 of 2nd period - Snap shot by Seth Griffith.
14:14 of 2nd period - Stopped by Niklas Svedberg with a rebound.
14:37 of 2nd period - Nikita Alexeev is hit by Jonas Brodin and loses puck.
15:04 of 2nd period - Seth Griffith is hit by Mark McNeill and loses puck.
15:17 of 2nd period - Slapshot by Nate Schmidt.
15:17 of 2nd period - Stopped by Dustin Tokarski with a rebound.
15:29 of 2nd period - Snap shot by Jeremy Williams.
15:29 of 2nd period - Shot Blocked by Devante Smith-Pelly.
15:31 of 2nd period - Snap shot by Jeremy Williams.
15:31 of 2nd period - Stopped by Dustin Tokarski without a rebound.
15:32 of 2nd period - Zack Smith wins face-off versus Maxime Sauvé in Gangsters zone.
15:59 of 2nd period - Icing by Ryan Culkin.
16:00 of 2nd period - Tomas Hertl wins face-off versus Markus Granlund in Gangsters zone.
16:07 of 2nd period - Slapshot by Jeremy Welsh.
16:07 of 2nd period - Stopped by Dustin Tokarski with a rebound.
16:22 of 2nd period - Icing by Tomas Hertl.
16:23 of 2nd period - Tomas Hertl wins face-off versus Scott Laughton in Gangsters zone.
16:28 of 2nd period - Slapshot by Dave Dziurzynski.
16:28 of 2nd period - Shot Misses the Net.
16:48 of 2nd period - Brett Ponich is hit by Nicolas Kerdiles and loses puck.
16:57 of 2nd period - Wrist shot by Nicolas Kerdiles.
16:57 of 2nd period - Stopped by Dustin Tokarski without a rebound.
16:58 of 2nd period - Tomas Hertl wins face-off versus Scott Laughton in Gangsters zone.
17:02 of 2nd period - Off-side.
17:03 of 2nd period - Scott Laughton wins face-off versus Tomas Hertl in neutral zone.
17:06 of 2nd period - Snap shot by Nate Schmidt.
17:06 of 2nd period - Stopped by Dustin Tokarski with a rebound.
17:08 of 2nd period - Slapshot by Scott Laughton.
17:08 of 2nd period - Stopped by Dustin Tokarski with a rebound.
17:10 of 2nd period - Wrist shot by Chris Lawrence.
17:10 of 2nd period - Stopped by Dustin Tokarski with a rebound.
17:16 of 2nd period - Snap shot by Chris Lawrence.
17:16 of 2nd period - Deflect By Scott Laughton.
17:16 of 2nd period - Stopped by Dustin Tokarski with a rebound.
17:18 of 2nd period - Wrist shot by Chris Lawrence.
17:18 of 2nd period - Stopped by Dustin Tokarski with a rebound.
17:28 of 2nd period - Dave Dziurzynski is hit by Jeremy Welsh and loses puck.
17:47 of 2nd period - Off-side.
17:48 of 2nd period - Zack Smith wins face-off versus Alexander Wennberg in neutral zone.
18:22 of 2nd period - Wrist shot by Alexander Wennberg.
18:22 of 2nd period - Shot Misses the Net.
18:46 of 2nd period - Wrist shot by Blake Geoffrion.
18:46 of 2nd period - Deflect By Scott Laughton.
18:46 of 2nd period - Stopped by Dustin Tokarski without a rebound.
18:47 of 2nd period - Markus Granlund wins face-off versus Tomas Hertl in Gangsters zone.
19:37 of 2nd period - Off-side.
19:38 of 2nd period - Alexander Wennberg wins face-off versus Jeremy Williams in neutral zone.
19:43 of 2nd period - Wrist shot by Sebastian Collberg.
19:43 of 2nd period - Shot Blocked by Jeremy Williams.
19:46 of 2nd period - Icing by Nicolas Kerdiles.
19:47 of 2nd period - Maxime Sauvé wins face-off versus Zack Smith in Carnivores zone.
19:50 of 2nd period - Slapshot by Dave Dziurzynski.
19:50 of 2nd period - Shot Misses the Net.
Goals for this period are 1 for Carnivores vs 1 for Gangsters.
Shots for this period are 13 for Carnivores vs 6 for Gangsters.
3rd period
0:01 of 3rd period - Chris Lawrence wins face-off versus Maxime Sauvé in neutral zone.
0:06 of 3rd period - Slapshot by Chris Lawrence.
0:06 of 3rd period - Stopped by Dustin Tokarski with a rebound.
0:08 of 3rd period - Wrist shot by Mat Clark.
0:08 of 3rd period - Shot Blocked by Devante Smith-Pelly.
0:10 of 3rd period - Wrist shot by Blake Geoffrion.
0:10 of 3rd period - Shot Misses the Net.
0:38 of 3rd period - Patrik Nemeth is hit by Nate Schmidt and loses puck.
0:45 of 3rd period - Stefan Noesen is hit by Jeremy Welsh and loses puck.
1:16 of 3rd period - Snap shot by Stefan Noesen.
1:16 of 3rd period - Shot Blocked by Markus Granlund.
1:32 of 3rd period - Snap shot by Nikita Alexeev.
1:32 of 3rd period - Shot Misses the Net.
1:34 of 3rd period - Slapshot by Nate Schmidt.
1:34 of 3rd period - Shot Hit the Post.
1:36 of 3rd period - Wrist shot by Jeremy Welsh.
1:36 of 3rd period - Shot Blocked by David Pope.
1:38 of 3rd period - Snap shot by Nikita Alexeev.
1:38 of 3rd period - Goal by Nikita Alexeev - Carnivores : 4 - Gangsters : 1.
1:39 of 3rd period - Scott Laughton wins face-off versus Maxime Sauvé in neutral zone.
1:42 of 3rd period - Slapshot by David Schlemko.
1:42 of 3rd period - Stopped by Dustin Tokarski without a rebound.
1:43 of 3rd period - Maxime Sauvé wins face-off versus Scott Laughton in Gangsters zone.
1:45 of 3rd period - Minor Penalty to Devante Smith-Pelly for Charging.
1:46 of 3rd period - Scott Laughton wins face-off versus Maxime Sauvé in Gangsters zone.
1:59 of 3rd period - Slapshot by Mat Clark.
1:59 of 3rd period - Deflect By Jeremy Williams.
1:59 of 3rd period - Shot Misses the Net.
1:59 of 3rd period - Puck is out of play.
2:00 of 3rd period - Maxime Sauvé wins face-off versus Scott Laughton in Gangsters zone.
3:16 of 3rd period - Sasha Pokulok is hit by Matt Delahey.
3:45 of 3rd period - Penalty to Devante Smith-Pelly is over, Devante Smith-Pelly is back on ice.
3:46 of 3rd period - Icing by Nate Schmidt.
3:47 of 3rd period - Scott Laughton wins face-off versus Dave Dziurzynski in Carnivores zone.
3:47 of 3rd period - Scott Laughton is hit by Devante Smith-Pelly.
4:39 of 3rd period - Slapshot by Maxime Sauvé.
4:39 of 3rd period - Stopped by Niklas Svedberg with a rebound.
5:08 of 3rd period - Wrist shot by Markus Granlund.
5:08 of 3rd period - Shot Blocked by Matt Delahey.
5:26 of 3rd period - Slapshot by Matt Delahey.
5:26 of 3rd period - Shot Blocked by Josh Manson.
5:48 of 3rd period - Patrik Nemeth is hit by Mat Clark and loses puck.
6:35 of 3rd period - Snap shot by Chris Lawrence.
6:35 of 3rd period - Shot Misses the Net.
7:30 of 3rd period - Slapshot by Sasha Pokulok.
7:30 of 3rd period - Stopped by Dustin Tokarski without a rebound.
7:31 of 3rd period - Frederik Gauthier wins face-off versus Alexander Wennberg in Gangsters zone.
7:40 of 3rd period - Slapshot by Brett Ponich.
7:40 of 3rd period - Deflect By David Schlemko.
7:40 of 3rd period - Stopped by Niklas Svedberg without a rebound.
7:41 of 3rd period - Scott Laughton wins face-off versus Maxime Sauvé in Carnivores zone.
7:41 of 3rd period - Scott Laughton is hit by Devante Smith-Pelly.
8:16 of 3rd period - Wrist shot by Stefan Noesen.
8:16 of 3rd period - Shot Misses the Net.
8:18 of 3rd period - Slapshot by Patrik Nemeth.
8:18 of 3rd period - Shot Misses the Net.
8:30 of 3rd period - Snap shot by Morgan Ellis.
8:30 of 3rd period - Shot Misses the Net.
8:34 of 3rd period - Slapshot by Seth Griffith.
8:34 of 3rd period - Stopped by Niklas Svedberg with a rebound.
8:36 of 3rd period - Wrist shot by Maxime Sauvé.
8:36 of 3rd period - Stopped by Niklas Svedberg without a rebound.
8:37 of 3rd period - Scott Laughton wins face-off versus Tomas Hertl in Carnivores zone.
8:37 of 3rd period - Scott Laughton is hit by Brett Ponich.
8:51 of 3rd period - Snap shot by Blake Geoffrion.
8:51 of 3rd period - Stopped by Dustin Tokarski without a rebound.
8:52 of 3rd period - Zack Smith wins face-off versus Maxime Sauvé in Gangsters zone.
8:53 of 3rd period - Wrist shot by Jeremy Williams.
8:53 of 3rd period - Stopped by Dustin Tokarski with a rebound.
8:55 of 3rd period - Slapshot by Mat Clark.
8:55 of 3rd period - Shot Blocked by Maxime Sauvé.
8:57 of 3rd period - Snap shot by Jeremy Williams.
8:57 of 3rd period - Shot Blocked by Dave Dziurzynski.
8:59 of 3rd period - Wrist shot by Zack Smith.
8:59 of 3rd period - Shot Blocked by Matt Delahey.
9:01 of 3rd period - Slapshot by Mat Clark.
9:01 of 3rd period - Shot Blocked by Patrik Nemeth.
9:19 of 3rd period - Chris Lawrence is hit by Tomas Hertl and loses puck.
10:09 of 3rd period - Sebastian Collberg is hit by Nikita Alexeev and loses puck.
10:34 of 3rd period - Snap shot by Devante Smith-Pelly.
10:34 of 3rd period - Stopped by Niklas Svedberg without a rebound.
10:35 of 3rd period - Scott Laughton wins face-off versus Maxime Sauvé in Carnivores zone.
10:53 of 3rd period - Minor Penalty to Sasha Pokulok for Interference.
10:54 of 3rd period - Maxime Sauvé wins face-off versus Frederik Gauthier in Carnivores zone.
10:58 of 3rd period - Snap shot by Dave Dziurzynski.
10:58 of 3rd period - Stopped by Niklas Svedberg with a rebound.
11:00 of 3rd period - Snap shot by Dave Dziurzynski.
11:00 of 3rd period - Stopped by Niklas Svedberg without a rebound.
11:01 of 3rd period - Maxime Sauvé wins face-off versus Frederik Gauthier in Carnivores zone.
12:53 of 3rd period - Penalty to Sasha Pokulok is over, Sasha Pokulok is back on ice.
14:02 of 3rd period - Snap shot by Blake Geoffrion.
14:02 of 3rd period - Shot Hit the Post.
14:37 of 3rd period - Slapshot by Sasha Pokulok.
14:37 of 3rd period - Shot Misses the Net.
15:07 of 3rd period - Slapshot by T.J Brodie.
15:07 of 3rd period - Shot Hit the Post.
15:09 of 3rd period - Snap shot by Frederik Gauthier.
15:09 of 3rd period - Stopped by Dustin Tokarski without a rebound.
15:10 of 3rd period - Phillip Danault wins face-off versus Frederik Gauthier in Gangsters zone.
15:31 of 3rd period - Chris Lawrence is hit by Matt Delahey and loses puck.
15:43 of 3rd period - Snap shot by Maxime Sauvé.
15:43 of 3rd period - Deflect By Nate Schmidt.
15:43 of 3rd period - Shot Blocked by Nate Schmidt.
15:43 of 3rd period - Puck is out of play.
15:44 of 3rd period - Maxime Sauvé wins face-off versus Nikita Alexeev in Carnivores zone.
15:52 of 3rd period - Minor Penalty to T.J Brodie for Hooking.
15:53 of 3rd period - Maxime Sauvé wins face-off versus Frederik Gauthier in Carnivores zone.
15:55 of 3rd period - Snap shot by Maxime Sauvé.
15:55 of 3rd period - Goal by Maxime Sauvé - Carnivores : 4 - Gangsters : 2.
15:56 of 3rd period - Maxime Sauvé wins face-off versus Zack Smith in neutral zone.
15:58 of 3rd period - Off-side.
15:59 of 3rd period - Maxime Sauvé wins face-off versus Zack Smith in neutral zone.
16:10 of 3rd period - Snap shot by Dave Dziurzynski.
16:10 of 3rd period - Shot Misses the Net.
16:12 of 3rd period - Slapshot by Matt Delahey.
16:12 of 3rd period - Shot Misses the Net.
16:14 of 3rd period - Wrist shot by Maxime Sauvé.
16:14 of 3rd period - Shot Misses the Net.
17:23 of 3rd period - Snap shot by Markus Granlund.
17:23 of 3rd period - Shot Misses the Net.
17:33 of 3rd period - Snap shot by Jeremy Welsh.
17:33 of 3rd period - Stopped by Dustin Tokarski without a rebound.
17:34 of 3rd period - Tomas Hertl wins face-off versus Zack Smith in Gangsters zone.
17:39 of 3rd period - Slapshot by Stefan Noesen.
17:39 of 3rd period - Shot Blocked by Josh Manson.
17:41 of 3rd period - Slapshot by Matt Delahey.
17:41 of 3rd period - Deflect By David Pope.
17:41 of 3rd period - Shot Misses the Net.
17:41 of 3rd period - Puck is out of play.
17:42 of 3rd period - Zack Smith wins face-off versus Tomas Hertl in Carnivores zone.
17:47 of 3rd period - Slapshot by Sasha Pokulok.
17:47 of 3rd period - Stopped by Dustin Tokarski with a rebound.
19:25 of 3rd period - Snap shot by Jeremy Williams.
19:25 of 3rd period - Shot Misses the Net.
19:27 of 3rd period - Slapshot by Nicolas Kerdiles.
19:27 of 3rd period - Shot Misses the Net.
19:29 of 3rd period - Slapshot by Sasha Pokulok.
19:29 of 3rd period - Deflect By Jeremy Williams.
19:29 of 3rd period - Stopped by Dustin Tokarski without a rebound.
19:30 of 3rd period - Markus Granlund wins face-off versus Kevin Roy in Gangsters zone.
Goals for this period are 1 for Carnivores vs 1 for Gangsters.
Shots for this period are 10 for Carnivores vs 8 for Gangsters.
Back to the Top